 Dungeon Crawl Stone Soup version 0.25-a0-1133-g93ebf739aa (webtiles) character file.

Game seed: 4789430635202405182, levelgen mode: deterministic

27351 vurker the Carver (level 13, 0/103 HPs)
             Began as a Barachi Artificer on May 21, 2020.
             Was a Believer of the Shining One.
             Shot with an arrow by a centaur (6 damage)
             ... on level 13 of the Dungeon.
             The game lasted 00:38:12 (18783 turns).

vurker the Carver (Barachi Artificer)              Turns: 18783, Time: 00:38:13

Health: 0/103      AC: 20    Str: 23    XL:     13   Next: 31%
Magic:  20/20      EV: 21    Int: 11    God:    the Shining One [**....]
Gold:   1232       SH: 26    Dex: 21    Spells: 12/12 levels left

rFire    x . .     SeeInvis .   a - +4 falchion
rCold    + + .     Gourm    .   H - +1 tower shield
rNeg     + . .     Faith    .   k - +1 swamp dragon scales
rPois    +         Spirit   .   m - +1 helmet of Elitism {Str+4 Dex+2}
rElec    +         Reflect  .   b - +1 cloak of Starlight {rElec rC+ EV+4 Stlth--}
rCorr    .         Harm     .   j - +0 pair of gloves
MR       .....                  (no boots)
Stlth    ..........             L - amulet of the Endless Expanse {RegenMP rF- rC+ Dex+6}
HPRegen  0.27/turn              q - +4 ring of protection
MPRegen  0.42/turn              y - +4 ring of evasion

@: divine shield, vulnerable, glowing, drained, slow
A: +LOS, swims, slowness 1, strong legs 2
a: Hop, Divine Shield, Renounce Religion


You were on level 13 of the Dungeon.
You worshipped the Shining One.
The Shining One was pleased with you.
You were not hungry.

You visited 2 branches of the dungeon, and saw 14 of its levels.
You also visited: Trove, Sewer and Ice Cave.

You collected 1442 gold pieces.
You spent 210 gold pieces at shops.

Inventory:

Hand Weapons
 a - a +4 falchion (weapon)
   (You took it off a wight on level 3 of the Dungeon)
 z - a +0 long sword
   (You found it on level 10 of the Dungeon)
Armour
 b - the +1 cloak of Starlight (worn) {rElec rC+ EV+4 Stlth--}
   (You found it on level 8 of the Dungeon)

   It affects your evasion (+4).
   It protects you from cold.
   It insulates you from electricity.
   It makes you much less stealthy.
 j - a +0 pair of gloves (worn)
   (You found it on level 1 of the Dungeon)
 k - +1 swamp dragon scales (worn)
   (You took it off Maggie on level 6 of the Dungeon)
 m - the +1 helmet of Elitism (worn) {Str+4 Dex+2}
   (You found it on level 2 of the Dungeon)

   It affects your strength (+4).
   It affects your dexterity (+2).
 H - a +1 tower shield (worn)
   (You found it on level 1 of the Dungeon)
Jewellery
 q - a +4 ring of protection (left hand)
   (You took it off an orc on level 4 of the Dungeon)
 y - a +4 ring of evasion (right hand)
   (You found it on level 4 of the Dungeon)
 C - an uncursed ring of resist corrosion
   (You found it on level 5 of the Dungeon)
 L - the amulet of the Endless Expanse (around neck) {RegenMP rF- rC+ Dex+6}
   (You found it in a treasure trove)

   [amulet of magic regeneration]

   It increases your magic regeneration.
   It affects your dexterity (+6).
   It makes you vulnerable to fire.
   It protects you from cold.
 M - an uncursed ring of fire
   (You found it in a treasure trove)
Wands
 c - a wand of disintegration (13)
   (You found it in an ice cave)
 d - a wand of iceblast (8)
   (You found it in an ice cave)
 t - a wand of flame (9)
 u - a wand of paralysis (8)
   (You found it on level 7 of the Dungeon)
 v - a wand of digging (6)
   (You found it on level 3 of the Dungeon)
 w - a wand of polymorph (20)
   (You took it off a kobold on level 10 of the Dungeon)
 N - a wand of enslavement (19)
Scrolls
 f - a scroll of enchant weapon
 g - 2 scrolls of enchant armour
 i - 3 scrolls of magic mapping
 l - 6 scrolls of fear
 n - a scroll of amnesia {unknown}
 o - a scroll of teleportation
 A - a scroll of acquirement {unknown}
 D - a scroll of vulnerability
 I - a scroll of fog {unknown}
 J - 2 scrolls of remove curse
 K - a scroll of immolation {unknown}
Potions
 h - 3 potions of ambrosia
 p - 3 potions of curing
 r - a potion of cancellation
 B - a potion of flight
 E - 2 potions of resistance
Miscellaneous
 x - a phantom mirror
 G - a phial of floods (inert)
   (You found it on level 14 of the Dungeon)
Comestibles
 e - 22 rations


   Skills:
 + Level 10.0(8.8) Fighting
   Level 1.1(6.8) Short Blades
 * Level 13.1(11.8) Long Blades
 + Level 10.0(8.7) Armour
 + Level 8.0(6.8) Dodging
 - Level 0.8(0.0) Stealth
 + Level 9.3(8.0) Shields
 + Level 5.9(4.7) Invocations
 + Level 9.7(8.4) Evocations


You had 12 spell levels left.
You didn't know any spells.
Your spell library contained the following spells:

 Spells                   Type           Power        Failure   Level  Hunger
 Sandblast                Erth           #.....       99%         1    ##.....
 Passwall                 Tmut/Erth      #.......     100%        2    ###....
 Poisonous Vapours        Pois/Air       #.....       100%        2    ###....
 Sticks to Snakes         Tmut           #.......     100%        2    ###....
 Conjure Flame            Conj/Fire      #.......     100%        3    ####...
 Inner Flame              Hex/Fire       #.......     100%        3    ####...
 Mephitic Cloud           Conj/Pois/Air  #.......     100%        3    ####...
 Fireball                 Conj/Fire      #.........   100%        5    ######.
 Hydra Form               Tmut           #.........   100%        6    #######
 Starburst                Conj/Fire      #.........   100%        6    #######


Dungeon Overview and Level Annotations

Branches:
Dungeon (14/15)            Temple (1/1) D:7            Lair (0/6) D:9
    Orc (0/2) D:11          Sewer (visited)           IceCv (visited)
 Vaults: D:13-14

Altars:
Ashenzari
Cheibriados
Dithmenos
Elyvilon
Fedhas
Gozag
Hepliaklqana
Kikubaaqudgha
Makhleb
Nemelex Xobeh
Okawaru
Qazlal
Ru
Sif Muna
Trog
Uskayaw
Vehumet
Wu Jian
Xom
Yredelemnul
Zin
The Shining One

Shops:
D:4 (   D:7 (   D:8 *   D:10 *

Annotations:
D:6 exclusion: oklob plant


Innate Abilities, Weirdness & Mutations

You can be seen from farther away. (+LOS)
You can swim through water.
You cover ground slowly.
You can hop long distances.


Message History

The orc shouts!
You block the meliai simulacrum's attack.
The meliai simulacrum closely misses you.
An orc comes into view.
You block the meliai simulacrum's attack. x2
An orc warrior and an orc priest come into view.
The centaur shouts!
The orc warrior shouts!
The orc priest shouts!
An unseen horror comes into view.
The centaur drinks a potion.
The centaur seems to speed up.
You block the meliai simulacrum's attack. x2
The centaur wields a +0 shortbow.
The centaur shoots an arrow.
The arrow misses you.
The centaur wields a +0 shortbow.
The centaur shoots an arrow.
You block the arrow.
An orc wizard comes into view. It is wielding a +0 dagger.
Found an escape hatch in the floor.
You see here 2 arrows.
A centaur warrior simulacrum comes into view.
The orc wizard shouts!
You hear a shout! x2
You block the unseen horror's attack.
The centaur shoots an arrow.
The arrow misses you. The meliai simulacrum misses you.
You block the meliai simulacrum's attack.
Found a stone staircase leading down.
You see here an arrow.
You block the unseen horror's attack.
The unseen horror hits you but does no damage.
You block the meliai simulacrum's attack. x2
The centaur shoots an arrow.
The arrow misses you.
An orc wizard comes into view. It is wielding a +1 dagger of pain.
An ogre comes into view. It is wielding a +0 giant club.
The centaur shoots an arrow.
The arrow closely misses you.
The meliai simulacrum hits you but does no damage.
The meliai simulacrum misses you.
You hear an angry growl.
The ogre shouts!
You slash the unseen horror! You block the unseen horror's attack.
The centaur wields a +0 shortbow.
The centaur shoots an arrow.
You block the arrow.
The centaur shoots an arrow.
The arrow closely misses you.
The arrow misses the unseen horror.
You block the orc's attack. The meliai simulacrum misses you.
You riposte.
You slash the meliai simulacrum!
You block the meliai simulacrum's attack.
The unseen horror hits you but does no damage.
You block the unseen horror's attack.
The centaur shoots an arrow.
The arrow misses you.
The centaur shoots an arrow.
The arrow closely misses you.
The centaur unwields a +0 shortbow.
You block the centaur's attack.
The meliai simulacrum barely misses you.
You block the meliai simulacrum's attack.
A hippogriff comes into view.
The centaur shoots an arrow.
The arrow hits you.
You die...

... ._ ..... .....
#..# #. #..... .....
....# #. #......
.....
...c..##>##.......
.....
..Hc....###........
.....
...h...............
.....
Y.........<........
.....
....................
...#.
c.#≈......c@(.......
.. ..
...........Z((......
. .#.
.....O.....o.xZ.....
....
.........(..o......
##........o.......
#...........o.o.>
#....(......o....
#................
#................


You could see a polar bear, a hippogriff (wandering), an unseen horror
(invisible), an orc warrior, an ogre, 3 centaurs, an orc priest, 2 orc wizards,
a centaur warrior simulacrum, a meliai simulacrum and 2 orcs.

Vanquished Creatures
  A frost giant (IceCv)
  A death knight (D:13)
  2 two-headed ogres
  3 death yaks (IceCv)
  Urug (D:10)
  An unseen horror (D:10)
  Pikel (D:3)
  A phantasmal warrior (D:13)
  An ugly thing (D:13)
  A deep elf mage (D:14)
  A manticore (D:11)
  Psyche (D:10)
  3 centaur zombies
  An ice statue (IceCv)
  2 gargoyles
  Maggie (D:6)
  A merfolk (D:11)
  13 polar bears (IceCv)
  4 hippogriffs
  A vampire (D:13)
  2 wraiths
  A wyvern (D:10)
  Sigmund (D:4)
  35 yaks
  3 hungry ghosts
  Eustachio (D:4)
  2 vampire mosquitoes (D:13)
  Menkaure (D:7)
  3 wargs (D:11)
  A soldier ant (D:10)
  Duvessa (D:7)
  Edmund (D:4)
  2 porcupines
  An ice beast (D:14)
  A black bear (D:9)
  A phantom (D:4)
  An eye of draining (D:11)
  4 slaves
  3 sky beasts
  An orc warrior (D:13)
  9 centaurs
  An ogre (D:7)
  10 wolves (IceCv)
  A crocodile (D:9)
  10 bullfrogs
  2 big kobolds
  A gnoll sergeant (D:7)
  Dowan (D:7)
  3 scorpions
  9 killer bees
  3 wights (D:3)
  6 howler monkeys
  4 crimson imps
  2 bullfrog zombies (D:5)
  A quasit (D:8)
  3 hounds
  6 jellies
  3 bullfrog skeletons
  3 orc priests
  2 centaur skeletons
  9 orc wizards
  2 iguanas
  7 worker ants
  A killer bee zombie (D:7)
  2 hound zombies
  2 hound skeletons
  A worker ant zombie (D:10)
  Robin (D:2)
  18 gnolls
  16 adders
  3 shadow imps
  A white imp (D:13)
  3 oozes
  An adder zombie (D:6)
  3 worms
  5 dart slugs
  6 leopard geckos
  25 orcs
  6 giant cockroaches
  13 goblins
  13 hobgoblins
  6 jackals
  12 kobolds
  5 quokkas
  4 ball pythons
  5 bats
  8 frilled lizards
  A jackal skeleton (D:4)
  3 leopard gecko skeletons
  4 rats
  A spectral orc (D:6)
  A butterfly (D:9)
375 creatures vanquished.

Vanquished Creatures (others)
  A two-headed ogre (D:13)
  2 centaur warriors (D:13)
  A polar bear (IceCv)
  A yak (IceCv)
  A soldier ant (D:13)
  3 wolves (IceCv)
  An ogre (D:13)
  A howler monkey (D:13)
  An orc wizard (D:13)
  An iguana (D:13)
  2 kobolds (D:13)
  6 fungi (D:9)
21 creatures vanquished.

Grand Total: 396 creatures vanquished

Notes
Turn   | Place    | Note
-------+----------+-------------------------------------------
     0 | D:1      | vurker the Barachi Artificer began the quest for the Orb.
     0 | D:1      | Reached XP level 1. HP: 15/15 MP: 3/3
   204 | D:1      | Reached XP level 2. HP: 21/21 MP: 4/4
   537 | D:1      | Reached skill level 1 in Armour
   537 | D:1      | Reached skill level 1 in Shields
   537 | D:1      | Reached XP level 3. HP: 21/27 MP: 5/5
  1435 | D:2      | Identified the +1 helmet of Elitism {Str+4 Dex+2}
  1435 | D:2      | Noticed Robin
  1851 | D:2      | Found a hazy altar of Hepliaklqana.
  1934 | D:2      | Killed Robin
  1934 | D:2      | Reached XP level 4. HP: 31/33 MP: 6/6
  3019 | D:3      | Found a shattered altar of Ashenzari.
  3105 | D:3      | Reached XP level 5. HP: 20/39 MP: 7/7
  3549 | D:3      | Reached XP level 6. HP: 41/46 MP: 9/9
  3880 | D:3      | Reached skill level 1 in Long Blades
  4313 | D:4      | Noticed Pikel
  4313 | D:4      | Noticed a slave
  4313 | D:4      | Noticed a slave
  4313 | D:4      | Noticed a slave
  4313 | D:4      | Noticed a slave
  4321 | D:3      | Killed a slave
  4471 | D:4      | Found a glowing drain.
  4508 | D:4      | Reached XP level 7. HP: 28/52 MP: 10/10
  4517 | D:4      | Reached skill level 2 in Long Blades
  4517 | D:4      | Reached skill level 5 in Dodging
  4715 | Sewer    | Entered a sewer
  5326 | D:4      | Reached skill level 3 in Long Blades
  5646 | D:3      | Killed Pikel
  5646 | D:3      | Reached skill level 4 in Long Blades
  5646 | D:3      | Reached skill level 5 in Evocations
  5646 | D:3      | Reached XP level 8. HP: 41/61 MP: 11/11
  5950 | D:4      | Found Vuuff's Antique Weapon Shoppe.
  5992 | D:4      | Noticed Eustachio
  6007 | D:4      | Killed Eustachio
  6007 | D:4      | Reached skill level 5 in Long Blades
  6154 | D:4      | Noticed Sigmund
  6185 | D:4      | Killed Sigmund
  6185 | D:4      | Reached skill level 5 in Fighting
  6202 | D:4      | Noticed Edmund
  6214 | D:4      | Killed Edmund
  6214 | D:4      | Reached skill level 5 in Armour
  6338 | D:5      | Entered Level 5 of the Dungeon
  6354 | D:4      | Reached skill level 6 in Long Blades
  6354 | D:4      | Reached XP level 9. HP: 32/68 MP: 13/13
  6643 | D:5      | Found a bloodstained altar of Trog.
  6823 | D:5      | Found a bloodstained altar of Trog.
  6999 | D:5      | Reached skill level 5 in Shields
  7121 | D:5      | Found a glowing silver altar of Zin.
  7460 | D:6      | Found a radiant altar of Vehumet.
  7460 | D:6      | Noticed an oklob plant
  7514 | D:6      | Noticed Maggie
  7551 | D:6      | Killed Maggie
  7551 | D:6      | Reached skill level 7 in Long Blades
  7745 | D:6      | Found a basalt altar of Yredelemnul.
  8254 | D:7      | Noticed Menkaure
  8260 | D:7      | Killed Menkaure
  8388 | D:7      | Found a staircase to the Ecumenical Temple.
  8394 | Temple   | Entered the Ecumenical Temple
  8427 | Temple   | Became a worshipper of the Shining One
  8992 | D:7      | Found Lyeteclu's Weapon Shoppe.
  9006 | D:7      | Reached skill level 8 in Long Blades
  9127 | D:7      | Noticed Dowan
  9128 | D:7      | Noticed Duvessa
  9149 | D:7      | Killed Duvessa
  9155 | D:7      | Killed Dowan
  9155 | D:7      | Reached skill level 1 in Invocations
  9155 | D:7      | Reached XP level 10. HP: 77/77 MP: 15/15
  9234 | D:7      | Found a shimmering blue altar of Sif Muna.
  9236 | D:7      | Found an opulent altar of Gozag.
  9238 | D:7      | Found a white marble altar of Elyvilon.
  9669 | D:8      | Found Vokeif's Assorted Antiques.
  9708 | D:8      | Bought a red potion for 20 gold pieces
  9708 | D:8      | Bought a sedimented blue potion for 20 gold pieces
  9708 | D:8      | Bought an inky potion for 20 gold pieces
  9708 | D:8      | Bought a scroll of identify for 46 gold pieces
  9750 | D:8      | Noticed a two-headed ogre
  9762 | D:8      | Killed a two-headed ogre
  9762 | D:8      | Reached skill level 9 in Long Blades
 10784 | D:8      | Found the +1 cloak of Starlight {rElec rC+ EV+4 Stlth--}
 11220 | D:9      | Reached * piety under the Shining One
 11416 | D:9      | Found a staircase to the Lair.
 11450 | D:9      | Found a sparkling altar of Nemelex Xobeh.
 11604 | D:9      | Found a shimmering altar of Xom.
 11674 | D:9      | Found a snail-covered altar of Cheibriados.
 11674 | D:9      | Found a shadowy altar of Dithmenos.
 11674 | D:9      | Found an ancient bone altar of Kikubaaqudgha.
 12071 | D:9      | Reached XP level 11. HP: 85/85 MP: 16/16
 12159 | D:10     | Entered Level 10 of the Dungeon
 12183 | D:10     | Reached skill level 10 in Long Blades
 12262 | D:10     | Noticed Urug
 12380 | D:10     | Killed Urug
 12575 | D:10     | Noticed an unseen horror
 12585 | D:10     | Killed an unseen horror
 12705 | D:10     | Reached ** piety under the Shining One
 12751 | D:10     | Noticed Psyche
 12761 | D:10     | Killed Psyche
 13083 | D:10     | Noticed a two-headed ogre
 13099 | D:10     | Killed a two-headed ogre
 13470 | D:10     | Found Fatwyhud's General Store.
 13479 | D:10     | Bought a scroll of teleportation for 39 gold pieces
 13479 | D:10     | Bought a scroll of teleportation for 39 gold pieces
 13479 | D:10     | Bought a scroll of identify for 26 gold pieces
 13594 | D:11     | Found a staircase to the Orcish Mines.
 13736 | D:11     | Reached skill level 11 in Long Blades
 13839 | D:11     | Noticed a manticore
 13871 | D:11     | Killed a manticore
 14091 | D:11     | Found a sparkling altar of Nemelex Xobeh.
 14217 | D:11     | You fall into a shaft and drop 3 floors!
 14394 | D:14     | Reached XP level 12. HP: 65/94 MP: 18/18
 14568 | D:14     | Found a portal to a secret trove of treasure.
 14604 | D:14     | Reached *** piety under the Shining One
 14626 | Trove    | Entered a treasure trove
 14650 | Trove    | Got an ancient great sword
 14652 | Trove    | Identified the Grimoire of Earthen Heat
 14657 | Trove    | Got a twitching diamond amulet
 14725 | D:14     | Identified the +5 great sword "Amepp" {flame, *Drain rElec
                  | rPois rF+} (You found it in a treasure trove)
 15026 | D:14     | Noticed a vault guard
 15060 | D:13     | Found a frozen archway.
 15512 | IceCv    | Entered an ice cave
 15613 | IceCv    | Reached skill level 12 in Long Blades
 15943 | IceCv    | Reached skill level 5 in Invocations
 16175 | IceCv    | Identified Sif Muna's Handbook of Venomous Changing
 16874 | IceCv    | Noticed a death yak
 16943 | IceCv    | Noticed a death yak
 16943 | IceCv    | Noticed a death yak
 16944 | IceCv    | Noticed a frost giant
 17229 | IceCv    | Identified the amulet of the Endless Expanse {RegenMP rF-
                  | rC+ Dex+6} (You found it in a treasure trove)
 17350 | IceCv    | Killed a death yak
 17490 | IceCv    | Gained mutation: You can hop long distances. [Barachi
                  | growth]
 17490 | IceCv    | Reached XP level 13. HP: 84/102 MP: 20/20
 17955 | IceCv    | Killed a frost giant
 18252 | IceCv    | Reached skill level 13 in Long Blades
 18268 | IceCv    | Reached skill level 10 in Fighting
 18381 | IceCv    | Got a scorched buckler
 18392 | IceCv    | Identified the +2 buckler of the Country {*Drain rN+++
                  | Regen+ Dex+4} (You found it in an ice cave)
 18720 | D:13     | Reached skill level 10 in Armour
 18773 | D:13     | HP: 5/103 [phantasmal warrior[a death knight] (17)]
 18783 | D:13     | Found a glowing golden altar of the Shining One.
 18783 | D:13     | Shot with an arrow by a centaur

Illustrated notes

Levels and vault maps discovered:
D:1:      dpeg_arrival_houses_and_road, layout_loops_ring, hex_large
D:2:      layout_loops_ring, old_standard_altar, first_ration, uniq_robin
D:3:      layout_rooms, evilmike_ruin_ashenzari, kennysheep_cluttered_room,
          st_stairs_8, grunt_decor_fettered
D:4:      layout_rooms, gup_sewer_entry_glass, serial_shops, shop,
          sigmund_edmund_badplayer, uniq_pikel, uniq_eustachio
D:5:      layout_loops_ring, kennysheep_mini, nicolae_overflow_crystal_walls,
          basic_altar
D:6:      layout_rooms, yredelemnul_forgotten_temple_becter, lemuel_oklob_altar,
          uniq_maggie
D:7:      layout_basic, minitemple, minmay_temple_entry_enclosed_plants,
          serial_shops, nicolae_shop_stone, uniq_menkaure, uniq_duvessa
D:8:      layout_layer_cave, serial_shops, shop
D:9:      layout_gridville, xom_butterflies, nemelex_xobeh_ov_fountains_minmay,
          gammafunk_temple_overflow_forgotten, due_lair_maze_entry_diamond
D:10:     layout_loops_ring, serial_shops, shop, uniq_urug, uniq_psyche
D:11:     layout_basic, minmay_orc_entry_guard_dogs, basic_altar,
          hangedman_fish_farm
D:13:     layout_basic, serial_ice, serial_ice_o, serial_ice_h, serial_ice_l,
          serial_ice_f, serial_ice_e, serial_ice_n,
          portal_ice_cave_entry_pillars_1, lemuel_angel_altar
D:14:     layout_cave_pods, grunt_vaults_entry_fortified, enter_trove_1,
          serial_shops, shop
Temple:   jpeg_temple_island

Skill      XL: |  1  2  3  4  5  6  7  8  9 10 11 12 13 |
---------------+----------------------------------------+-----
Armour         | 1 2 4 5 6 7 8 9 10 | 10.0
Shields        | 1 2 4 5 7 8 9 |  9.3
Dodging        | 3 4 5 6 7 8 |  8.0
Fighting       | 2 3 4 5 6 7 8 9 10 | 10.0
Evocations     | 4 5 6 7 8 9 |  9.7
Long Blades    | 1 4 6 8 9 11 12 13 | 13.1
Invocations    | 1 3 4 5 |  5.9
Short Blades   | |  1.1
Stealth        | |  0.8

Action                   |  1- 3 |  4- 6 |  7- 9 | 10-12 | 13-15 || total
-------------------------+-------+-------+-------+-------+-------++-------
Melee: Short sword       |   183 |   212 |       |       |       ||   395
       Falchion          |       |    81 |   463 |  1177 |   190 ||  1911
Invok: Divine Shield     |       |       |       |       |     1 ||     1
Evoke: Wand              |       |     5 |    14 |     4 |     7 ||    30
       Phial of floods   |       |       |       |     1 |     1 ||     2
  Use: Scroll            |       |       |    12 |    13 |     2 ||    27
       Potion            |       |       |       |     2 |     2 ||     4
 Stab: Sleeping          |     1 |       |       |       |       ||     1
  Eat: Chunk             |     4 |     8 |    16 |    17 |     1 ||    46
       Ration            |       |       |     2 |     5 |     1 ||     8
Armor: Leather armour    |    41 |       |       |       |       ||    41
       Ring mail         |     8 |    97 |    76 |       |       ||   181
       Swamp dragon scal |       |       |    29 |   235 |    42 ||   306
       Scale mail        |       |       |     7 |       |       ||     7
Dodge: Dodged            |    56 |    77 |   143 |   509 |   115 ||   900
Block: Tower shield      |    99 |   226 |   345 |   967 |   192 ||  1829
       Rpst.: Falchion   |       |     6 |    45 |   127 |    22 ||   200

Table legend:
 A = Non-vault XP
 B = Vault XP
 C = Vault XP percentage of total XP
 D = Non-vault monster count
 E = Vault monster count
 F = Vault count percentage of total count
                 A         B        C        D         E       F
            +---------+---------+-------+---------+---------+-------
      Total |   20450 |   18624 |  47.7 |     272 |     101 |  27.1
            +---------+---------+-------+---------+---------+-------
        D:1 |      52 |       2 |   3.7 |      24 |       1 |   4.0
        D:2 |      61 |      33 |  35.1 |      19 |      10 |  34.5
        D:3 |     390 |     651 |  62.5 |      32 |       1 |   3.0
        D:4 |     555 |     599 |  51.9 |      23 |       8 |  25.8
        D:5 |     390 |       0 |   0.0 |      11 |       0 |   0.0
        D:6 |     138 |     386 |  73.7 |       5 |       2 |  28.6
        D:7 |    1278 |     384 |  23.1 |      35 |       3 |   7.9
        D:8 |    2934 |     233 |   7.4 |      23 |       2 |   8.0
        D:9 |     801 |     640 |  44.4 |      17 |       6 |  26.1
       D:10 |    3757 |    1313 |  25.9 |      32 |       2 |   5.9
       D:11 |    2301 |     781 |  25.3 |      15 |       4 |  21.1
       D:13 |    4326 |      10 |   0.2 |      22 |       1 |   4.3
       D:14 |    3467 |       0 |   0.0 |      14 |       0 |   0.0
      Sewer |       0 |      48 | 100.0 |       0 |      11 | 100.0
      IceCv |       0 |   13544 | 100.0 |       0 |      50 | 100.0
            +---------+---------+-------+---------+---------+-------
